 Dungeon Crawl Stone Soup version 0.25-a0-341-g6f074c887a (webtiles) character file.

Game seed: 495009423574166953, levelgen mode: deterministic

62 Goblin1989 the Sneak (level 3, 0/18 HPs)
             Began as a Spriggan Assassin on Dec 31, 2019.
             Succumbed to an adder's poison
             ... on level 3 of the Dungeon.
             The game lasted 00:02:44 (1441 turns).

Goblin1989 the Sneak (Spriggan Assassin)            Turns: 1441, Time: 00:02:45

Health: 0/18       AC:  3    Str:  7    XL:     3   Next: 85%
Magic:  4/4        EV: 17    Int: 12    God:
Gold:   48         SH:  0    Dex: 18    Spells: 2/2 levels left

rFire    . . .     SeeInvis +   a - +2 dagger
rCold    . . .     Gourm    .   (shield restricted)
rNeg     . . .     Faith    .   b - +0 robe
rPois    .         Spirit   .   (helmet restricted)
rElec    .         Reflect  .   c - +0 cloak
rCorr    .         Harm     .   (gloves unavailable)
MR       .....                  (boots unavailable)
Stlth    ++++......             (no amulet)
HPRegen  0.06/turn              (no ring)
MPRegen  0.09/turn              (no ring)

@: lethally poisoned (0 -> -4), hasted, very quick
A: very small, unfitting armour, see invisible, herbivore, speed 3, slow
metabolism 2
a: no special abilities


You were on level 3 of the Dungeon.
You were not hungry.

You visited 1 branch of the dungeon, and saw 3 of its levels.

You collected 48 gold pieces.

Inventory:

Hand Weapons
 a - a +2 dagger (weapon)
Missiles
 d - 8 poisoned darts (quivered)
 f - 2 curare-tipped darts
Armour
 b - a +0 robe (worn)
 c - a +0 cloak (worn)
Scrolls
 h - 2 scrolls of identify {unknown}
 i - a scroll of immolation {unknown}
 j - a scroll of random uselessness {unknown}
 k - 3 scrolls of fog {unknown}
 l - a scroll of noise {unknown}
Comestibles
 e - 5 rations


   Skills:
 - Level 1.5 Fighting
 * Level 4.0 Short Blades
 - Level 2.0 Throwing
 - Level 1.5 Dodging
 + Level 6.7 Stealth


You had 2 spell levels left.
You didn't know any spells.
Your spell library was empty.

Dungeon Overview and Level Annotations

Branches:
Dungeon (3/15)

Altars:
Ashenzari


Innate Abilities, Weirdness & Mutations

You are very small and have problems with some larger weapons.
You are too small for most types of armour.
You have supernaturally acute eyesight. (SInv)
You are a herbivore.
You cover ground extremely quickly.
You need to consume almost no food.


Message History

No target in view!
No target in view!
No target in view!
No target in view!
No target in view!
No target in view!
No target in view!
You see here a dart slug corpse.
You now have 48 gold pieces (gained 5).
The adder hisses angrily.
The adder is too close now for your liking.
Health restored: 18 You completely miss the adder.
The adder bites you.
You are poisoned.
The adder poisons you!
You take 2 damage, and have 16/18 hp.
You closely miss the adder.
You feel sick. The adder closely misses you.
You take 1 damage, and have 15/18 hp.
You miss the adder. The adder completely misses you.
You barely miss the adder.
You feel sick. The adder misses you.
You take 1 damage, and have 14/18 hp.
You hit the adder.
The adder is moderately wounded.
The adder misses you.
You miss the adder.
The adder is moderately wounded.
The adder bites you. The adder misses you.
You take 1 damage, and have 13/18 hp.
You barely miss the adder.
The adder is moderately wounded.
You feel sick. The adder misses you.
You take 1 damage, and have 12/18 hp.
You barely miss the adder.
The adder is moderately wounded.
The adder bites you.
You are lethally poisoned!
The adder poisons you!
You take 2 damage, and have 10/18 hp.
You are too injured to fight recklessly!
You are too injured to fight recklessly!
You are too injured to fight recklessly!
You are too injured to fight recklessly!
You are too injured to fight recklessly!
You are too injured to fight recklessly!
You are too injured to fight recklessly!
You are too injured to fight recklessly!
You are too injured to fight recklessly!
You are too injured to fight recklessly!
You are too injured to fight recklessly!
You are too injured to fight recklessly!
You are too injured to fight recklessly!
You are too injured to fight recklessly!
You are too injured to fight recklessly!
You feel sick. The adder barely misses you.
You take 1 damage, and have 9/18 hp.
* * * LOW HITPOINT WARNING * * *
You feel sick.
You take 1 damage, and have 8/18 hp.
It was a potion of haste.
You feel yourself speed up.
* * * LOW HITPOINT WARNING * * *
You feel sick.
You take 1 damage, and have 7/18 hp.
Unknown command.
* * * LOW HITPOINT WARNING * * *
You feel sick.
You take 1 damage, and have 7/18 hp.
* * * LOW HITPOINT WARNING * * *
You feel sick.
You take 1 damage, and have 6/18 hp.
There is a stone staircase leading down here.
You climb downwards.
An adder, a goblin and 3 orcs come into view.
An orc is wielding a +0 vampiric hand axe.
There is a stone staircase leading up here.
The helpless goblin fails to defend itself.
You spit the goblin like a pig!!!
You kill the goblin!
Your Short Blades skill increases to level 4!
Unknown command.
* * * LOW HITPOINT WARNING * * *
You feel sick.
You take 1 damage, and have 5/18 hp.
The helpless orc fails to defend itself.
You perforate the orc like a sieve!!!
You kill the orc!
The helpless orc fails to defend itself.
You skewer the orc like a kebab!!!
You kill the orc!
The orc shouts!
You hit the orc.
The orc is moderately wounded.
The orc hits you with a +0 vampiric hand axe.
* * * LOW HITPOINT WARNING * * *
You take 4 damage, and have 1/18 hp.
MASSIVE DAMAGE!!
You barely miss the orc.
The orc is moderately wounded.
Unknown command.
You closely miss the orc.
The orc is moderately wounded.
You die...

.█ █.. .
.. █. ..
█..█ .█
█...██ [█
█...███.█
█o@.<.█
██S...█
█)...█
██...█
█..)█
█...█
█...█


█████ You could see an adder and an orc.

Vanquished Creatures
  2 oozes (D:1)
  A worm (D:2)
  4 dart slugs
  A leopard gecko (D:1)
  2 orcs (D:3)
  2 giant cockroaches (D:1)
  4 goblins
  3 hobgoblins
  A quokka (D:2)
  10 bats
  3 frilled lizards
  4 kobolds
  2 rats (D:1)
39 creatures vanquished.

Notes
Turn   | Place    | Note
-------+----------+-------------------------------------------
     0 | D:1      | Goblin1989 the Spriggan Assassin began the quest for the
                  | Orb.
     0 | D:1      | Reached XP level 1. HP: 10/10 MP: 2/2
    80 | D:1      | Reached skill level 6 in Stealth
   218 | D:1      | Reached XP level 2. HP: 11/14 MP: 3/3
   692 | D:1      | Reached XP level 3. HP: 18/18 MP: 4/4
  1347 | D:2      | Found a shattered altar of Ashenzari.
  1441 | D:3      | Succumbed to an adder's poison

Levels and vault maps discovered:
D:1:      lightli_arrival_noodles, layout_loops_ring, minmay_misc_feat_chi,
          amethyst_killhole, minmay_cut_off
D:2:      layout_rooms, overflow_temple_1_default, first_ration
D:3:      minmay_general_purpose_star, layout_rooms, uniq_natasha

Skill      XL: |  1  2  3 |
---------------+----------+-----
Stealth        | 6 |  6.7
Short Blades   | 3 4 |  4.0
Fighting       | |  1.5
Throwing       | |  2.0
Dodging        | |  1.5

Action                   || total
-------------------------++-------
Melee: Dagger            ||   139
  Use: Potion            ||     1
 Stab: Sleeping          ||    16
Armor: Robe              ||    21
Dodge: Dodged            ||   110

Table legend:
 A = Non-vault XP
 B = Vault XP
 C = Vault XP percentage of total XP
 D = Non-vault monster count
 E = Vault monster count
 F = Vault count percentage of total count
                 A         B        C        D         E       F
            +---------+---------+-------+---------+---------+-------
      Total |      87 |       2 |   2.2 |      37 |       2 |   5.1
            +---------+---------+-------+---------+---------+-------
        D:1 |      60 |       2 |   3.2 |      25 |       2 |   7.4
        D:2 |      19 |       0 |   0.0 |       9 |       0 |   0.0
        D:3 |       8 |       0 |   0.0 |       3 |       0 |   0.0
            +---------+---------+-------+---------+---------+-------

Levels and vault maps discovered:
D:1:      lightli_arrival_noodles, layout_loops_ring, minmay_misc_feat_chi,
          amethyst_killhole, minmay_cut_off
D:2:      layout_rooms, overflow_temple_1_default, first_ration
D:3:      minmay_general_purpose_star, layout_rooms, uniq_natasha
